 Dungeon Crawl Stone Soup version 0.29.1-1-gd02db6906a (webtiles) character file.

Game seed: 16620063834634570384

43 croobank the Caller (level 3, 0/23 HPs)
             Began as an Octopode Summoner on Oct 6, 2022.
             Slain by Terence
             ... wielding a +3 hand axe of holy wrath
              (9 damage)
             ... on level 2 of the Dungeon.
             The game lasted 00:14:28 (1631 turns).

croobank the Caller (Octopode Summoner)             Turns: 1631, Time: 00:14:28

Health: 0/23       AC:  1    Str:  7    XL:     3   Next: 58%
Magic:  1/6        EV: 17    Int: 19    God:
Gold:   72         SH:  0    Dex: 12    Spells: 0/6 levels left

rFire   . . .      SeeInvis .   e - +0 dagger (speed)
rCold   . . .      Faith    .   (no shield)
rNeg    . . .      Spirit   .   (helmet restricted)
rPois   .          Reflect  .   (no amulet)
rElec   .          Harm     .   f - +4 ring of evasion
rCorr   .          Rampage  .   (no ring)
Will    .....                   (no ring)
Stlth   +++.......              (no ring)
HPRegen 0.07/turn               (no ring)
MPRegen 0.10/turn               (no ring)
                                (no ring)
                                (no ring)

@: no status effects
A: almost no armour, amphibious, 8 rings, camouflage 1, gelatinous body 1,
(nimble swimmer 1), tentacles
a: no special abilities


You were on level 2 of the Dungeon.
You visited 1 branch of the dungeon, and saw 2 of its levels.

You collected 72 gold pieces.

Inventory:

Hand Weapons
 e - a +0 dagger of speed (weapon)
Jewellery
 f - a +4 ring of evasion (left tentacle)
Scrolls
 g - a scroll of enchant armour {unknown}
Potions
 c - a potion of curing
 h - a potion of berserk rage {unknown}


   Skills:
 + Level 1.0 Fighting
 + Level 2.5 Dodging
 + Level 3.4 Stealth
 + Level 2.4 Spellcasting
 + Level 4.2 Summonings


You couldn't memorise any spells.
You knew the following spells:

 Your Spells              Type           Power      Damage    Failure   Level
a - Summon Small Mammal   Summ           72%        N/A       2%          1
b - Call Imp              Summ           18%        N/A       4%          2
c - Call Canine Familiar  Summ           18%        N/A       9%          3

Your spell library contained the following spells:

 Spells                   Type           Power      Damage    Failure   Level
 Slow                     Hex            8%         N/A       16%         1
 Summon Guardian Golem    Hex/Summ       10%        N/A       21%         3
 Confusing Touch          Hex            2%         N/A       43%         3
 Vampiric Draining        Necr           2%         2d6       43%         3
 Summon Lightning Spire   Summ/Air       10%        N/A       56%         4


Dungeon Overview and Level Annotations

Branches:
Dungeon (2/15)

Altars:

Shops:
D:1 [

Annotations:
D:2 Terence


Innate Abilities, Weirdness & Mutations

You cannot wear most types of armour.
You are amphibious.
You can wear up to eight rings at the same time.
Your skin changes colour to match your surroundings (Stealth+).
Your rubbery body absorbs attacks. (AC +1, EV +1)
((You are camouflaged when in or above water. (Stealth+)))
You have tentacles for arms and can constrict up to eight enemies at once.


Message History

The sling bullet closely misses your hound.
The sling bullet hits you!
* * * LOW HITPOINT WARNING * * *
Terence hits your hound with a +3 hand axe of holy wrath!
Your hound completely misses Terence.
It was a potion of curing.
You feel better. Terence barely misses your hound.
Your hound closely misses Terence.
Casting: Call Canine Familiar (quite dangerous; 9% risk of failure)
Confirm with . or Enter, or press ? or * to list all spells.
You don't have enough magic to cast this spell.
Your hound bites Terence but does no damage.
The goblin shoots a sling bullet.
The sling bullet misses your hound. The sling bullet closely misses you.
Terence hits your hound with a +3 hand axe of holy wrath.
Your hound bites Terence.
Terence closely misses your hound.
Terence hits you with a +3 hand axe of holy wrath.
Your hound bites Terence but does no damage.
You hit Terence but do no damage. Your grab misses Terence.
Terence is severely wounded.
The goblin shoots a sling bullet.
The sling bullet closely misses your hound.
The sling bullet misses you. Terence barely misses you.
Terence hits your hound with a +3 hand axe of holy wrath.
Your hound dies!
Your hound's corpse disappears in a puff of smoke!
You hit Terence but do no damage. Your grab misses Terence.
You squeeze Terence.
Terence is severely wounded.
The goblin shoots a sling bullet.
The sling bullet hits you. Terence misses you.
You hit Terence but do no damage. Your grab misses Terence.
Terence is severely wounded.
You completely miss Terence. You grab Terence.
You squeeze Terence, but do no damage.
Terence is severely wounded.
You constrict Terence, but do no damage.
The goblin shoots a sling bullet.
The sling bullet misses you.
Terence hits you with a +3 hand axe of holy wrath!
You die...

.#.< ....# .>....
#...### #...# #r#
#J## #g@####
##.@..####
#.......## ##
#........# #######.
#........# #.......
#........####....#.
#...........#..#...
#.....†.###.#....#.
#.......# #....#...
######### ###......


You could see Terence, an endoplasm, a goblin and a rat.

Vanquished Creatures
  3 bats
  2 endoplasms (D:2)
  A goblin (D:2)
  2 hobgoblins (D:2)
  A ball python (D:1)
  3 rats
12 creatures vanquished.

Vanquished Creatures (collateral kills)
  A gnoll (D:1)
  A bat (D:1)
  5 endoplasms (D:1)
  A giant cockroach (D:1)
  A goblin (D:2)
  A hobgoblin (D:2)
  3 kobolds (D:1)
  3 frilled lizards (D:1)
  3 rats (D:1)
19 creatures vanquished.

Vanquished Creatures (others)
  A plant (D:1)
1 creature vanquished.

Grand Total: 32 creatures vanquished

Notes
Turn   | Place    | Note
-------+----------+-------------------------------------------
     0 | D:1      | croobank the Octopode Summoner began the quest for the Orb.
     0 | D:1      | Reached XP level 1. HP: 11/11 MP: 3/3
   154 | D:1      | Reached XP level 2. HP: 17/17 MP: 1/5
   157 | D:1      | Learned a level 2 spell: Call Imp
   349 | D:1      | Found Juajef's Armour Shop.
   764 | D:1      | Reached XP level 3. HP: 22/22 MP: 1/6
   768 | D:1      | Learned a level 3 spell: Call Canine Familiar
  1456 | D:2      | Reached skill level 1 in Fighting
  1586 | D:2      | Noticed Terence
  1592 | D:2      | Identified a scroll of acquirement
  1592 | D:2      | Acquired a Grand Grimoire
  1631 | D:2      | Slain by Terence

Illustrated notes

Levels and vault maps discovered:
D:1:      dpeg_arrival_ratfight, layout_rooms, serial_shops,
          nicolae_shop_waterfront, serial_forest, infiniplex_forest_clump_small,
          infiniplex_forest_straight_3, infiniplex_forest_end_2,
          infiniplex_forest_side_room, infiniplex_forest_lined_room_3,
          infiniplex_forest_lined_2, infiniplex_forest_clump_double,
          infiniplex_forest_end_1, chequers_avenue, serial_bayou_pond_a,
          minivault_25, st_stairs_8, chequers_serial_rivers_micro_b,
          minmay_heptomino_l4
D:2:      layout_basic, uniq_terence

Skill      XL: |  1  2  3 |
---------------+----------+-----
Stealth        | 3 |  3.4
Fighting       | 1 |  1.0
Dodging        | |  2.5
Spellcasting   | |  2.4
Summonings     | |  4.2

Action                   || total
-------------------------++-------
Melee: Unarmed           ||    18
       Constrict         ||    13
       Tentacles         ||    15
       Dagger            ||    22
 Cast: Summon Small Mamm ||    41
       Call Imp          ||     6
       Call Canine Famil ||     4
  Use: Scroll            ||     2
       Potion            ||     2
 Stab: Sleeping          ||     2
Armor: Skin              ||     4
Dodge: Dodged            ||    47
